Cogmind - Beta 11 X9 @@@ ROGUE MODE // 2022.01.08 @ 12:41:47 // Winter2021/Sauler Player: Stryker Result: Self-destructed Performance ------------- Evolutions (9) 4500 Regions Visited (18) 3600 Robots Destroyed (151) 755 Value Destroyed (6475) 6475 Prototype IDs (37) 740 Alien Tech Used (0) 0 Bonus (854) 854 TOTAL SCORE: 16924 Bonus ------- High Alert Combat Kills 220 Follower Combat Kills 1767 Entered DSFs 500 Aligned with FarCom 300 A7 Reached Mainframe 300 Friendly Fire -2233 Cogmind --------- Core Integrity 1343/1600 Matter 237/300 Energy 96/100 System Corruption 13% Temperature Cool (0) Movement Immobile (Siege) Location -1/Access Parts ------- > --- POWER (1) -------- (None) > --- PROPULSION (6) --- Enhanced Armored Heavy Treads Enhanced Armored Heavy Treads Enhanced Armored Heavy Treads > --- UTILITY (14) ----- Advanced Heat Sink Advanced Coolant Injector High-capacity Storage Unit Structural Scanner Machine Analyzer Long-range Terrain Scanner Advanced Target Analyzer Centrium Medium Armor Plating Advanced Thermal Shield Advanced Hacking Suite Advanced Hacking Suite Improved System Shield > --- WEAPON (4) ------- Neutron Cannon KE Penetrator KE Penetrator > --- INVENTORY (20) --- Biometal Heavy Treads Improved Matter Compressor (272) Cloak of Protection Enhanced Nova Cannon Smartbomb Launcher Power Sword Peak State ------------ > --- POWER ------------ Quantum Reactor > --- PROPULSION ------- Biometal Heavy Treads Biometal Heavy Treads Enhanced Armored Heavy Treads > --- UTILITY ---------- Improved Cooling System Advanced Coolant Injector High-capacity Storage Unit Machine Analyzer Long-range Terrain Scanner Advanced Terrain Scan Processor Improved Weapon Cycler Hardened Medium Armor Plating Layered Heavy Armor Plating Medium Regenerative Plating Advanced Hacking Suite Advanced Hacking Suite Improved System Shield > --- WEAPON ----------- Heavy Dispersion Rifle Enhanced Quantum Rifle Improved KE Penetrator Improved KE Penetrator > --- INVENTORY -------- Armored Heavy Treads Biometal Heavy Treads Enhanced Armored Heavy Treads Enhanced Armored Heavy Treads Improved Matter Compressor Structural Scanner Cloak of Protection Centrium Medium Armor Plating EM Shield Authchip [Device] Enhanced Quantum Rifle Enhanced Quantum Rifle Neutron Cannon Smartbomb Launcher Power Sword [Rating: 184] Favorites ----------- Power Improved Deuterium Engine Engine Improved Deuterium Engine Reactor Quantum Reactor Propulsion Light Treads Treads Light Treads Leg Aluminum Leg Wheel Armored Wheel Utility High-capacity Storage Unit Device Improved Weapon Cycler Storage High-capacity Storage Unit Processor Machine Analyzer Hackware Advanced Hacking Suite Protection Medium Regenerative Plating Weapon Advanced Variable Charge Gun Energy Gun Advanced Variable Charge Gun Energy Cannon Neutron Cannon Ballistic Gun Improved KE Penetrator Ballistic Cannon Flak Cannon Launcher Smartbomb Launcher Impact Weapon Mace Slashing Weapon Axe Piercing Weapon Lance Build | -11 -10 -10 -10 -9 -8 -8 -7 -6 -5 -5 -5 -5 -5 -4 -3 -3 -2 -1 ------- Run | Scr Mat Min Exi Min Mat Sto Fac Fac Fac Ext Cet Arc Hub Fac Res DSF Res Acc Slots Evolved 18 | . . . . . 4 . 2 2 2 . . . . 2 2 . 2 2 Power . | . . . . . . . . . . . . . . . . . . . Propulsion 4 | . . . . . 2 . . 1 . . . . . . 1 . . . Utility 12 | . . . . . 2 . 2 1 1 . . . . 2 1 . 1 2 Weapon 2 | . . . . . . . . . 1 . . . . . . . 1 . Parts Attached 212 | 1 10 . . . 14 22 8 19 5 27 9 3 8 25 3 12 24 22 Power 11 | . 2 . . . 1 . . 2 1 1 . . . 1 1 1 1 . Engine 7 | . 2 . . . 1 . . 2 1 1 . . . . . . . . Core . | . . . . . . . . . . . . . . . . . . . Reactor 4 | . . . . . . . . . . . . . . 1 1 1 1 . Propulsion 36 | . 3 . . . 3 5 1 5 . 3 2 1 2 1 1 4 3 2 Treads 24 | . 1 . . . 2 4 . 1 . 3 1 1 2 1 1 2 3 2 Leg . | . . . . . . . . . . . . . . . . . . . Wheel 12 | . 2 . . . 1 1 1 4 . . 1 . . . . 2 . . Hover . | . . . . . . . . . . . . . . . . . . . Flight . | . . . . . . . . . . . . . . . . . . . Utility 101 | 1 3 . . . 5 5 6 8 3 13 2 1 5 17 1 5 15 11 Device 64 | 1 1 . . . 4 3 3 7 3 5 . 1 3 13 1 3 9 7 Storage 3 | . 1 . . . . . . . . 1 . . . . . . 1 . Processor 4 | . . . . . . . 1 . . . . . 1 1 . . . 1 Hackware 5 | . . . . . . . . . . 1 . . . . . . 3 1 Protection 25 | . 1 . . . 1 2 2 1 . 6 2 . 1 3 . 2 2 2 Artifact . | . . . . . . . . . . . . . . . . . . . Weapon 64 | . 2 . . . 5 12 1 4 1 10 5 1 1 6 . 2 5 9 Energy Gun 14 | . 2 . . . . 3 . 1 . 1 2 . . . . 1 1 3 Energy Cannon 1 | . . . . . . . . . . . . . . . . . . 1 Ballistic Gun 25 | . . . . . 3 5 . 2 . 4 2 . 1 2 . 1 1 4 Ballistic Cannon 2 | . . . . . . . . . . 2 . . . . . . . . Launcher 3 | . . . . . . 1 . . . 2 . . . . . . . . Special Weapon . | . . . . . . . . . . . . . . . . . . . Impact Weapon 2 | . . . . . 2 . . . . . . . . . . . . . Slashing Weapon 14 | . . . . . . 3 1 1 1 1 1 1 . 3 . . 1 1 Piercing Weapon 3 | . . . . . . . . . . . . . . 1 . . 2 . Special Melee Weapon . | . . . . . . . . . . . . . . . . . . . Unidentified Prototypes 8 | . . . . . . 1 . . . . 5 . . . . . 2 . Corrupted Parts 1 | . . . . . . . . . . . . . 1 . . . . . System Corruption 1 | . . . . . . . . . . . . . 1 . . . . . Parts Lost 25 | . . . . . . 1 1 . . 6 . . . . . 1 1 15 Power 1 | . . . . . . . . . . . . . . . . . . 1 Propulsion 5 | . . . . . . 1 1 . . 1 . . . . . . . 2 Utility 13 | . . . . . . . . . . 5 . . . . . 1 1 6 Weapon 6 | . . . . . . . . . . . . . . . . . . 6 Highest Loss Streak 7 | . . . . . . 1 1 . . 3 . . . . . 1 1 7 Average Slot Usage (%) 95 | . 100 100 100 100 100 99 100 100 100 99 95 93 94 93 85 90 88 81 Engine 5 | . 14 14 14 14 9 9 7 6 5 5 5 5 5 3 . . . . Reactor 1 | . . . . . . . . . . . . . . 1 4 4 4 3 Treads 14 | . 3 14 14 14 27 27 23 20 17 17 12 11 11 10 9 9 10 12 Wheel 9 | . 13 14 14 14 9 8 7 13 11 11 11 11 11 10 9 9 4 . Device 15 | . 12 . . . 13 9 8 7 17 19 17 18 21 25 23 28 16 17 Storage 7 | . 14 14 14 14 9 9 7 6 5 5 5 5 5 5 4 4 4 4 Processor 4 | . . . . . . . 7 6 5 5 5 5 5 10 9 9 8 8 Hackware 2 | . . . . . . . . . . 3 5 3 . . . . 12 12 Protection 11 | . 1 14 14 14 13 18 21 24 17 9 11 11 12 10 9 9 8 8 Energy Gun 11 | . 28 28 28 28 11 9 7 6 5 6 11 11 11 10 9 9 8 8 Ballistic Gun 4 | . . . . . 6 7 3 2 5 6 4 2 4 1 . 3 6 5 Slashing Weapon 1 | . . . . . . 1 3 3 5 . . 3 . 3 . . . 1 Naked Turns . | . . . . . . . . . . . . . . . . . . . Heaviest Build 127 | 13 52 52 52 52 65 62 72 86 83 93 85 85 92 96 94 97 112 127 Greatest Support 235 | 20 20 10 10 10 16 60 10 24 24 24 24 24 108 108 24 150 225 235 Greatest Overweight (x) 7 | . 5 5 5 5 6 6 7 4 3 3 3 3 3 3 3 3 3 . Average Overweight (x) 3 | . 4 5 5 5 4 5 6 3 3 2 3 3 1 2 3 2 1 . Largest Inventory Capacity 20 | 8 20 20 20 20 20 20 20 20 20 20 20 20 20 20 20 20 20 20 Average Capacity 19 | 8 19 20 20 20 20 20 20 20 20 20 20 20 20 20 20 20 20 20 Most Carried 20 | 8 20 20 20 20 20 20 20 20 20 20 20 20 20 20 20 20 20 20 Average Carried 19 | 6 18 20 20 19 19 19 19 19 19 19 19 19 19 19 19 19 19 17 Final Capacity 20 | 8 20 20 20 20 20 20 20 20 20 20 20 20 20 20 20 20 20 20 Final Carried 20 | 8 20 20 20 20 20 20 20 20 20 20 20 20 19 20 20 20 20 8 Class Distribution -------------------- 30% | Mutant 13% | Scavenger-Skirmisher 12% | Scavenger-Assassin 7% | Hacker-Assassin 7% | Scavenger-Mutant 5% | Assassin 4% | Hacker-Skirmisher 4% | Hacker-Tank 4% | Scavenger-Tank Dominant Class ---------------- Mutant | -10/Materials Mutant | -10/Mines Mutant | -10/Exiles Mutant | -9/Mines Mutant | -8/Materials Scavenger-Mutant | -8/Storage Assassin | -7/Factory Assassin | -6/Factory Infiltrator-Assassin | -5/Factory Scavenger-Skirmisher | -5/Extension Scavenger-Tank | -5/Cetus Scavenger-Skirmisher | -5/Archives Scavenger-Skirmisher | -5/Hub_04(d) Scavenger-Assassin | -4/Factory Scavenger-Assassin | -3/Research Scavenger-Skirmisher | -3/DSF Hacker-Assassin | -2/Research Hacker-Skirmisher | -1/Access Resources | -11 -10 -10 -10 -9 -8 -8 -7 -6 -5 -5 -5 -5 -5 -4 -3 -3 -2 -1 ----------- Run | Scr Mat Min Exi Min Mat Sto Fac Fac Fac Ext Cet Arc Hub Fac Res DSF Res Acc Matter Collected 4342 | 210 100 . . . 145 480 108 357 25 891 122 62 130 294 . 259 550 609 Remotely . | . . . . . . . . . . . . . . . . . . . Salvage Created 6871 | 74 527 42 . . 106 553 147 525 25 1168 125 110 118 797 . 392 704 1458 Parts 345 | 4 45 1 . . 9 35 5 20 . 60 10 6 7 21 . 30 38 54 Haulers Intercepted 3 | . 1 . . . 1 1 . . . . . . . . . . . . Recyclers Shooed 3 | . . . . . 1 . . 1 . 1 . . . . . . . . Parts Field Recycled . | . . . . . . . . . . . . . . . . . . . Retrieved Matter . | . . . . . . . . . . . . . . . . . . . Parts Self-Destructed . | . . . . . . . . . . . . . . . . . . . Prevented . | . . . . . . . . . . . . . . . . . . . Kills | -11 -10 -10 -10 -9 -8 -8 -7 -6 -5 -5 -5 -5 -5 -4 -3 -3 -2 -1 ------- Run | Scr Mat Min Exi Min Mat Sto Fac Fac Fac Ext Cet Arc Hub Fac Res DSF Res Acc Combat Hostiles Destroyed 106 | . 12 1 . . 1 15 3 9 . 17 1 . 2 9 . 5 11 20 Guns 89 | . 12 1 . . 1 12 3 8 . 7 1 . 2 9 . 5 11 17 Cannons 3 | . . . . . . . . . . 3 . . . . . . . . AOE 10 | . . . . . . 3 . . . 7 . . . . . . . . Classes Destroyed 18 | 2 7 . . . 1 . . . 1 3 . . . 2 . 2 . . Worker 11 | . . . . . . . . . 1 3 . . . 1 . . 2 4 Builder 9 | . 2 . . . . . . . . 7 . . . . . . . . Tunneler 6 | 1 2 . . . . . . . . 1 . . . . . . . 2 Hauler 3 | . 1 . . . 1 1 . . . . . . . . . . . . Recycler 4 | 1 . . . . . . . . . 3 . . . . . . . . Carrier 1 | . . . . . . . . . . . . . . 1 . . . . Mechanic 1 | . 1 . . . . . . . . . . . . . . . . . Operator 5 | . 1 . . . . . . . . 1 . 3 . . . . . . Watcher 4 | . 1 . . . . 1 . . . . . . . . . . . 2 Swarmer 20 | . 6 . . . . 6 . 2 . 3 . . . . . . . 3 Grunt 45 | . 6 1 . . . 6 3 6 . 8 . . 1 7 . . 4 3 Brawler 1 | . . . . . . . . . . . . . . 1 . . . . Sentry 8 | . . . . . 1 3 . 1 . 2 . . . 1 . . . . Specialist 4 | . . . . . . . . . . . . . . . . 4 . . Hunter 10 | . . . . . . . . . . 1 . . . . . . . 9 Programmer 13 | . . . . . . . . . . 1 . . 1 . . . 6 5 Heavy 2 | . . . . . . . . . . . . . . . . 1 1 . Behemoth 2 | . . . . . . . . . . 2 . . . . . . . . Cetus Guard 1 | . . . . . . . . . . . 1 . . . . . . . Best Kill Streak 13 | 2 3 1 . . 1 5 2 4 1 8 1 1 1 4 . 3 3 13 Combat Bots Only 11 | . 3 1 . . 1 5 2 4 . 4 1 . 1 4 . 3 2 11 Max Kills in Single Turn 2 | 1 2 1 . . 1 2 1 1 1 2 1 1 1 1 . 1 1 2 Gunslinging 1 | . 1 . . . . . . . . . . . . . . . . . Exploded 2 | . . . . . . 2 . . . 2 . . . . . . . . Melee . | . . . . . . . . . . . . . . . . . . . Uniques/NPCs Destroyed 1 | . . . . . . . . . . . 1 . . . . . . . A7 (-5/Cetus) Combat | -11 -10 -10 -10 -9 -8 -8 -7 -6 -5 -5 -5 -5 -5 -4 -3 -3 -2 -1 -------- Run | Scr Mat Min Exi Min Mat Sto Fac Fac Fac Ext Cet Arc Hub Fac Res DSF Res Acc Damage Taken 13793 | . 293 40 . . 20 739 226 810 . 1009 . 86 392 369 . 1460 1199 7150 Core 804 | . 69 26 . . . 60 16 78 . 83 . . . . . 136 79 257 Absorbed by Shields 253 | . . . . . . . . . . 211 . . . . . 42 . . Reduced by Siege Mode 1223 | . . . . . . . . . . . . . 17 16 . 16 86 1088 Core Remaining (%) 90 | 100 . . . 62 . 89 97 90 . . . . 91 100 . 89 94 . Volleys Fired 387 | 3 51 5 . . 10 58 6 37 . 61 3 8 10 20 . 21 30 64 Largest 4 | 2 2 2 . . 2 2 2 2 . 3 3 3 3 3 . 3 4 4 Hottest 229 | 100 100 100 . . 100 88 88 110 . 154 194 195 195 195 . 209 229 229 Shots Fired 922 | 6 102 10 . . 20 112 12 74 . 124 8 24 16 58 . 39 118 199 Gun 875 | 6 102 10 . . 20 108 12 74 . 81 8 24 16 58 . 39 118 199 Cannon 21 | . . . . . . . . . . 21 . . . . . . . . Launcher 26 | . . . . . . 4 . . . 22 . . . . . . . . Special . | . . . . . . . . . . . . . . . . . . . Kinetic 369 | . . . . . 9 54 6 37 . 63 3 8 10 18 . 21 58 82 Thermal 527 | 6 102 10 . . 11 54 6 37 . 39 5 16 6 40 . 18 60 117 Explosive 26 | . . . . . . 4 . . . 22 . . . . . . . . Electromagnetic . | . . . . . . . . . . . . . . . . . . . Robot Hit Streak 37 | 5 11 4 . . 5 15 18 11 . 18 8 7 8 20 . 14 13 37 Robot Miss Streak 5 | . 3 1 . . 2 2 1 3 . 4 1 5 2 1 . 2 3 4 Penetration Max 1 | . . . . . . . . . . 1 . . 1 1 . 1 1 1 Secondary Targets 19 | . 2 . . . . 1 . . . . . . 1 3 . . . 12 Max Gunslinging Chain 1 | . 1 . . . . 1 . . . . . . 1 1 . . . 1 Shots Hit Robots 676 | 5 66 7 . . 16 82 11 54 2 75 11 18 12 51 . 27 83 156 Core Hits 342 | 3 31 3 . . 6 34 6 19 . 93 8 8 5 26 . 12 30 58 Critical Kills 13 | . . . . . . . 2 . . 1 1 . 1 1 . . 4 3 Critical Parts Destroyed 24 | . . . . . . . . 1 . 1 . . . . . 3 8 11 Critical Strikes 56 | 1 6 1 . . 3 2 2 3 . 2 2 . 1 3 . 3 12 15 Burn 15 | 1 6 1 . . 3 2 . 2 . . . . . . . . . . Destroy 39 | . . . . . . . 2 1 . 2 1 . 1 2 . 3 12 15 Sever 2 | . . . . . . . . . . . 1 . . 1 . . . . Melee Attacks 66 | . . . . . 5 6 4 3 10 2 6 4 . 13 5 . 5 3 Impact 5 | . . . . . 5 . . . . . . . . . . . . . Slashing 51 | . . . . . . 6 4 3 10 2 6 4 . 13 . . . 3 Piercing 10 | . . . . . . . . . . . . . . . 5 . 5 . Sneak Attacks 13 | . . . . . . . . . 2 . 6 3 . 1 . . . 1 Combat Hostiles . | . . . . . . . . . . . . . . . . . . . Follow-up Attacks . | . . . . . . . . . . . . . . . . . . . Damage Inflicted 21420 | 63 846 100 . . 207 1621 186 1186 186 5224 662 817 491 1551 . 890 2636 4754 Guns 15755 | 63 846 100 . . 195 1210 186 1186 . 1393 192 408 491 1433 . 890 2607 4555 Cannons 345 | . . . . . . . . . . 345 . . . . . . . . Explosions 3897 | . . . . . . 411 . . . 3486 . . . . . . . . Melee 1359 | . . . . . . . . . 186 . 470 409 . 118 . . . 176 Ramming 64 | . . . . . 12 . . . . . . . . . . . 29 23 Kinetic 6444 | . . . . . 68 642 88 577 . 982 70 122 264 372 . 576 1030 1653 Thermal 9656 | 63 846 100 . . 127 568 98 609 . 756 122 286 227 1061 . 314 1577 2902 Explosive 3897 | . . . . . . 411 . . . 3486 . . . . . . . . Electromagnetic . | . . . . . . . . . . . . . . . . . . . Impact . | . . . . . . . . . . . . . . . . . . . Slashing 1359 | . . . . . . . . . 186 . 470 409 . 118 . . . 176 Piercing . | . . . . . . . . . . . . . . . . . . . Highest Corruption 13 | . . . . . . . . . 2 2 2 2 5 . . . 1 13 Average Corruption 1 | . . . . . . . . . 2 2 2 2 2 . . . 1 5 Corruption Purged . | . . . . . . . . . . . . . . . . . . . Effects 35 | . . . . . . . . . 3 13 1 2 5 . . . 1 10 Message Errors 15 | . . . . . . . . . 3 7 . 1 2 . . . 1 1 Matter Fused 3 | . . . . . . . . . . . . . 1 . . . . 2 Heat Flow Errors 5 | . . . . . . . . . . 3 . 1 . . . . . 1 Energy Discharges 4 | . . . . . . . . . . 1 . . 1 . . . . 2 Parts Rejected 1 | . . . . . . . . . . . . . . . . . . 1 Data Loss (minor) 4 | . . . . . . . . . . 1 . . 1 . . . . 2 Weapon Failures 3 | . . . . . . . . . . 1 1 . . . . . . 1 Overload Shots . | . . . . . . . . . . . . . . . . . . . Overflow Damage 556 | . . . . . . 47 . . 62 211 . 162 . 47 . . 12 15 Projectiles . | . . . . . . . . . . . . . . . . . . . Explosions 258 | . . . . . . 47 . . . 211 . . . . . . . . Melee 298 | . . . . . . . . . 62 . . 162 . 47 . . 12 15 Knockbacks 7 | . . . . . . . . . . 6 . . . . . . 1 . Impact 1 | . . . . . . . . . . . . . . . . . 1 . Kinetic 6 | . . . . . . . . . . 6 . . . . . . . . Secondary . | . . . . . . . . . . . . . . . . . . . Self-Inflicted Damage 83 | . . . . . 6 46 . . . 31 . . . . . . . . Shots 2 | . . . . . . 1 . . . 1 . . . . . . . . Rammed 4 | . . . . . 1 . . . . . . . . . . . 2 1 Targets Rammed 5 | . . . . . 1 . . . . . . . . . . . 3 1 Kicked . | . . . . . . . . . . . . . . . . . . . Crushed 1 | . . . . . . . . . . . . . . . . . 1 . Highest Temperature 264 | 117 136 264 . . 9 59 23 48 . 241 44 171 63 182 . 198 199 192 Average Temperature 58 | 59 44 138 . . 4 19 12 16 . 44 33 57 36 90 . 100 107 84 Received Heat Transfer 2241 | . 96 24 . . 9 351 36 294 . 292 . 18 171 93 . 452 72 333 Effects 2 | . . 2 . . . . . . . . . . . . . . . . Energy Bleed 1 | . . 1 . . . . . . . . . . . . . . . . Interference 1 | . . 1 . . . . . . . . . . . . . . . . Siege Activations 18 | . . . . . . . . . . . . . 1 5 . 3 6 3 Total Turns 523 | . . . . . . . . . . . . . 18 102 . 36 168 199 Longest Duration 124 | . . . . . . . . . . . . . 18 31 . 23 86 124 Robots Corrupted . | . . . . . . . . . . . . . . . . . . . Combat Hostiles . | . . . . . . . . . . . . . . . . . . . Parts Fried 5 | . . . . . . . . . . 2 . . . . . . . 3 Impact Corruptions 2 | . . . . . . . . . . . . . . . . . 1 1 Robots Melted 4 | . . . . . . . . 1 . . . . . . . . . 3 Combat Hostiles 4 | . . . . . . . . 1 . . . . . . . . . 3 Parts Melted 40 | 4 5 1 . . . 5 . 4 . 1 . 1 . 5 . 1 3 10 Heat Transferred 16169 | 259 2960 370 . . 592 1739 222 1184 . 1110 148 370 222 1332 . 407 1776 3478 Parts Sabotaged . | . . . . . . . . . . . . . . . . . . . Parts Stolen . | . . . . . . . . . . . . . . . . . . . Parts Stripped . | . . . . . . . . . . . . . . . . . . . Power Chain Reactions . | . . . . . . . . . . . . . . . . . . . Missiles Intercepted . | . . . . . . . . . . . . . . . . . . . Alert | -11 -10 -10 -10 -9 -8 -8 -7 -6 -5 -5 -5 -5 -5 -4 -3 -3 -2 -1 ------- Run | Scr Mat Min Exi Min Mat Sto Fac Fac Fac Ext Cet Arc Hub Fac Res DSF Res Acc Peak Influence 1120 | 10 217 79 . . 58 455 198 141 35 1120 640 365 647 459 206 261 294 388 Initial 496 | . 6 44 . . . 17 100 10 . 16 496 256 127 316 198 154 146 84 Average 220 | 7 103 66 . . 27 233 161 45 11 455 618 338 458 271 201 216 146 180 Maximum Alert Level 4 | . 1 . . . . 2 . . . 4 2 1 2 2 1 1 1 1 Low Security (%) 58 | 100 95 100 . 100 100 33 100 100 100 30 . . 16 26 32 25 82 52 Level 1 29 | . 4 . . . . 63 . . . 29 . 100 11 62 67 74 17 47 Level 2 7 | . . . . . . 2 . . . 9 100 . 72 11 . . . . Level 3 3 | . . . . . . . . . . 24 . . . . . . . . Level 4 1 | . . . . . . . . . . 6 . . . . . . . . Level 5 . | . . . . . . . . . . . . . . . . . . . High Security . | . . . . . . . . . . . . . . . . . . . Max Security . | . . . . . . . . . . . . . . . . . . . Squads Dispatched 25 | . 3 . . . . 2 . 1 1 2 . . 3 2 . 2 4 5 Investigation 3 | . . . . . . 1 . . 1 . . . . . . . 1 . Extermination 6 | . . . . . . . . . . . . . 1 2 . . 2 1 Reinforcement 16 | . 3 . . . . 1 . 1 . 2 . . 2 . . 2 1 4 Assault . | . . . . . . . . . . . . . . . . . . . Garrison . | . . . . . . . . . . . . . . . . . . . Intercept . | . . . . . . . . . . . . . . . . . . . Construction Impeded 4 | . . . . . . 1 . . . 2 . . . . . . . 1 Haulers Reinforced 2 | . . . . . . . . . . . . . 1 . . . . 1 Active Scanning Responses . | . . . . . . . . . . . . . . . . . . . Cargo Convoy Interrupts . | . . . . . . . . . . . . . . . . . . . Stealth | -11 -10 -10 -10 -9 -8 -8 -7 -6 -5 -5 -5 -5 -5 -4 -3 -3 -2 -1 --------- Run | Scr Mat Min Exi Min Mat Sto Fac Fac Fac Ext Cet Arc Hub Fac Res DSF Res Acc Distress Signals 11 | . 1 . . . . 3 . 1 . 2 1 . . 1 . . . 2 Communications Jammed 50 | . . . . . . . . . . 50 . . . . . . . . Distress Signals 50 | . . . . . . . . . . 50 . . . . . . . . Times Spotted 210 | . 24 2 . . 4 24 5 12 1 31 5 14 12 17 . 5 19 35 Peak Tracking Total 9 | . 4 2 . . 1 4 3 5 1 5 5 2 5 4 . 3 4 9 Tactical Retreats 15 | . 2 1 . . . 4 1 1 . 1 . . . 1 . . 2 2 Traps | -11 -10 -10 -10 -9 -8 -8 -7 -6 -5 -5 -5 -5 -5 -4 -3 -3 -2 -1 ------- Run | Scr Mat Min Exi Min Mat Sto Fac Fac Fac Ext Cet Arc Hub Fac Res DSF Res Acc Traps Triggered 6 | . . . . . . 1 1 . 1 1 . . . . . 1 1 . Indirectly . | . . . . . . . . . . . . . . . . . . . Trap Hack Attempts . | . . . . . . . . . . . . . . . . . . . Triggered . | . . . . . . . . . . . . . . . . . . . Disarmed . | . . . . . . . . . . . . . . . . . . . Reprogrammed . | . . . . . . . . . . . . . . . . . . . Reused . | . . . . . . . . . . . . . . . . . . . Traps Extracted . | . . . . . . . . . . . . . . . . . . . Installed . | . . . . . . . . . . . . . . . . . . . Triggered . | . . . . . . . . . . . . . . . . . . . Machines | -11 -10 -10 -10 -9 -8 -8 -7 -6 -5 -5 -5 -5 -5 -4 -3 -3 -2 -1 ---------- Run | Scr Mat Min Exi Min Mat Sto Fac Fac Fac Ext Cet Arc Hub Fac Res DSF Res Acc Machines Disabled 14 | . . . . . 1 2 1 . . 5 . 2 . 1 . 1 1 . Max in Single Turn 2 | . . . . . 1 1 1 . . 2 . 1 . 1 . 1 1 . Garrison Access 3 | . . . . . . . . . . . . . . 1 . . 1 1 Machines Sabotaged . | . . . . . . . . . . . . . . . . . . . Garrisons Compromised . | . . . . . . . . . . . . . . . . . . . Overloaded Fab Kills . | . . . . . . . . . . . . . . . . . . . Hacking | -11 -10 -10 -10 -9 -8 -8 -7 -6 -5 -5 -5 -5 -5 -4 -3 -3 -2 -1 --------- Run | Scr Mat Min Exi Min Mat Sto Fac Fac Fac Ext Cet Arc Hub Fac Res DSF Res Acc Machines Accessed 60 | . 7 . 4 . 6 2 3 3 2 11 1 . 3 5 1 . 9 3 Terminals 42 | . 6 . . . 5 2 2 3 1 11 1 . 3 3 1 . 3 1 Fabricators 5 | . . . . . . . 1 . 1 . . . . . . . 2 1 Repair Stations 2 | . . . . . . . . . . . . . . 1 . . 1 . Recycling Units 2 | . 1 . . . 1 . . . . . . . . . . . . . Scanalyzers 2 | . . . . . . . . . . . . . . . . . 2 . Garrison Access 3 | . . . . . . . . . . . . . . 1 . . 1 1 Total Hacks 151 | . 21 . 22 . 15 4 12 6 4 23 1 . 5 12 1 . 19 6 Successful 89 | . 13 . 22 . 7 3 5 4 2 9 1 . 2 3 1 . 13 4 Failed 62 | . 8 . . . 8 1 7 2 2 14 . . 3 9 . . 6 2 Catastrophic 11 | . 1 . . . . . 1 . 1 4 . . 2 1 . . . 1 Database Lockouts . | . . . . . . . . . . . . . . . . . . . Manual 81 | . 15 . 1 . 14 3 10 4 . 14 1 . 4 6 . . 6 3 Terminals 104 | . 19 . . . 14 4 11 6 2 23 1 . 5 6 1 . 8 4 Fabricators 8 | . . . . . . . 1 . 2 . . . . . . . 4 1 Repair Stations 5 | . . . . . . . . . . . . . . 3 . . 2 . Recycling Units 3 | . 2 . . . 1 . . . . . . . . . . . . . Scanalyzers 4 | . . . . . . . . . . . . . . . . . 4 . Garrison Access 5 | . . . . . . . . . . . . . . 3 . . 1 1 Terminal Hacks 50 | . 7 . 22 . 2 2 3 2 . 7 1 . . . 1 . 2 1 Record 21 | . . . 21 . . . . . . . . . . . . . . . Part Schematic 2 | . 1 . . . . . 1 . . . . . . . . . . . Prototype ID Bank 3 | . 2 . . . 1 . . . . . . . . . . . . . Open Door 6 | . . . . . . 1 . . . 4 1 . . . . . . . Open DSF 3 | . . . . . . . . 1 . . . . . . 1 . 1 . Branch Access Points 2 | . . . . . . . 1 . . . . . . . . . 1 . Alert Level 2 | . 1 . . . . . . . . . . . . . . . . 1 Unreport Threat 1 | . . . . . . . . . . 1 . . . . . . . . Locate Traps 8 | . 3 . . . 1 1 1 1 . 1 . . . . . . . . Zone Layout 1 | . . . . . . . . . . 1 . . . . . . . . EX-Prototype ID Bank 1 | . . . 1 . . . . . . . . . . . . . . . Fabricator Hacks 5 | . . . . . . . . . 2 . . . . . . . 2 1 Load Schematic 3 | . . . . . . . . . 1 . . . . . . . 1 1 Build 2 | . . . . . . . . . 1 . . . . . . . 1 . Repair Station Hacks 3 | . . . . . . . . . . . . . . 1 . . 2 . Scan Component 2 | . . . . . . . . . . . . . . 1 . . 1 . Repair 1 | . . . . . . . . . . . . . . . . . 1 . Recycling Unit Hacks . | . . . . . . . . . . . . . . . . . . . Scanalyzer 4 | . . . . . . . . . . . . . . . . . 4 . Insert Component 2 | . . . . . . . . . . . . . . . . . 2 . Analyze 2 | . . . . . . . . . . . . . . . . . 2 . Garrison Access Hacks 3 | . . . . . . . . . . . . . . 1 . . 1 1 Seal Access 3 | . . . . . . . . . . . . . . 1 . . 1 1 Unauthorized Hacks 24 | . 6 . . . 5 1 2 2 . 2 . . 2 1 . . 2 1 Terminals 22 | . 5 . . . 4 1 2 2 . 2 . . 2 1 . . 2 1 Track 7 | . 3 . . . 2 1 1 . . . . . . . . . . . Assimilate 3 | . . . . . . . . 1 . . . . . 1 . . 1 . Botnet 12 | . 2 . . . 2 . 1 1 . 2 . . 2 . . . 1 1 Fabricators . | . . . . . . . . . . . . . . . . . . . Repair Stations . | . . . . . . . . . . . . . . . . . . . Recycling Units 2 | . 1 . . . 1 . . . . . . . . . . . . . Mask 2 | . 1 . . . 1 . . . . . . . . . . . . . Scanalyzers . | . . . . . . . . . . . . . . . . . . . Garrison Access . | . . . . . . . . . . . . . . . . . . . Data Cores Recovered . | . . . . . . . . . . . . . . . . . . . Used . | . . . . . . . . . . . . . . . . . . . Hacking Detections 41 | . 6 . . . 5 1 3 2 2 8 1 . 3 4 . . 5 1 Full Trace Events 2 | . . . . . . . . . 1 . . . . . . . 1 . Feedback Events . | . . . . . . . . . . . . . . . . . . . Feedback Blocked . | . . . . . . . . . . . . . . . . . . . Robot Schematics Acquired . | . . . . . . . . . . . . . . . . . . . Robots Built . | . . . . . . . . . . . . . . . . . . . Authchips . | . . . . . . . . . . . . . . . . . . . Time . | . . . . . . . . . . . . . . . . . . . Total Robot Build Rating . | . . . . . . . . . . . . . . . . . . . Part Schematics Acquired 4 | . 1 . . . . . 1 . . . . . . . . . 2 . Parts Built 3 | . . . . . . . . . 1 . . . . . . . 2 . Authchips . | . . . . . . . . . . . . . . . . . . . Time 82 | . . . . . . . . . 36 . . . . . . . 46 . Total Part Build Rating 21 | . . . . . . . . . 3 . . . . . . . 18 . Parts Repaired 1 | . . . . . . . . . . . . . . . . . 1 . Time 51 | . . . . . . . . . . . . . . . . . 51 . Parts Recycled . | . . . . . . . . . . . . . . . . . . . Recycled Matter . | . . . . . . . . . . . . . . . . . . . Retrieved Matter . | . . . . . . . . . . . . . . . . . . . Retrieved Components . | . . . . . . . . . . . . . . . . . . . Parts Scanalyzed 2 | . . . . . . . . . . . . . . . . . 2 . Part Schematics Acquired 2 | . . . . . . . . . . . . . . . . . 2 . Parts Damaged 1 | . . . . . . . . . . . . . . . . . 1 . Bothacking | -11 -10 -10 -10 -9 -8 -8 -7 -6 -5 -5 -5 -5 -5 -4 -3 -3 -2 -1 ------------ Run | Scr Mat Min Exi Min Mat Sto Fac Fac Fac Ext Cet Arc Hub Fac Res DSF Res Acc Used RIF Installer . | . . . . . . . . . . . . . . . . . . . Robots Hacked . | . . . . . . . . . . . . . . . . . . . Non-combat . | . . . . . . . . . . . . . . . . . . . Combat . | . . . . . . . . . . . . . . . . . . . Robot Hacks Applied . | . . . . . . . . . . . . . . . . . . . Relay Couplers Released . | . . . . . . . . . . . . . . . . . . . Fabnet Peak Effective % . | . . . . . . . . . . . . . . . . . . . Robots Rewired 13 | . . . . . . . . . . 13 . . . . . . . . Allies Hacked 1 | . . . . . . . . . . 1 . . . . . . . . Hacks Repelled . | . . . . . . . . . . . . . . . . . . . Allies | -11 -10 -10 -10 -9 -8 -8 -7 -6 -5 -5 -5 -5 -5 -4 -3 -3 -2 -1 -------- Run | Scr Mat Min Exi Min Mat Sto Fac Fac Fac Ext Cet Arc Hub Fac Res DSF Res Acc Total Allies 26 | . . . . . . . . 1 . 19 4 . . 1 . . 1 . Largest Group 16 | . . . . . . . . 1 . 15 16 15 7 4 1 1 1 1 Highest-Rated Group 754 | . . . . . . . . 10 . 560 754 659 341 241 26 26 26 26 Highest-Rated Ally 159 | . . . . . . . . 10 . 159 143 95 95 95 26 26 26 26 Total Orders 18 | . . . . . . . . . . 14 . . . 2 . 2 . . STAY 9 | . . . . . . . . . . 7 . . . 1 . 1 . . FOLLOW 9 | . . . . . . . . . . 7 . . . 1 . 1 . . Ally Attacks 303 | . . . . . . . . . . 138 20 41 67 37 . . . . Total Damage 7186 | . . . . . . . . . . 2754 491 1017 1494 1430 . . . . Kills 46 | . . . . . . . . . . 20 4 6 12 4 . . . . Allies Corrupted . | . . . . . . . . . . . . . . . . . . . Allies Melted . | . . . . . . . . . . . . . . . . . . . Intel | -11 -10 -10 -10 -9 -8 -8 -7 -6 -5 -5 -5 -5 -5 -4 -3 -3 -2 -1 ------- Run | Scr Mat Min Exi Min Mat Sto Fac Fac Fac Ext Cet Arc Hub Fac Res DSF Res Acc Robot Analysis Total . | . . . . . . . . . . . . . . . . . . . Derelict Logs Recovered 1 | . . . . 1 . . . . . . . . . . . . . . Drone Launches . | . . . . . . . . . . . . . . . . . . . Drone Recoveries . | . . . . . . . . . . . . . . . . . . . Exploration | -11 -10 -10 -10 -9 -8 -8 -7 -6 -5 -5 -5 -5 -5 -4 -3 -3 -2 -1 ------------- Run | Scr Mat Min Exi Min Mat Sto Fac Fac Fac Ext Cet Arc Hub Fac Res DSF Res Acc Turns Passed 12146 | 38 970 59 782 232 756 1016 416 804 391 1800 255 202 343 1313 355 291 1403 720 Spaces Moved 6323 | 21 496 23 504 145 412 396 198 464 238 962 125 107 186 674 247 115 713 297 Core . | . . . . . . . . . . . . . . . . . . . Treads 897 | . . . . . . 3 . . . . . . 85 110 . 30 372 297 Legs 30 | 21 9 . . . . . . . . . . . . . . . . . Wheels 5396 | . 487 23 504 145 412 393 198 464 238 962 125 107 101 564 247 85 341 . Hover . | . . . . . . . . . . . . . . . . . . . Flight . | . . . . . . . . . . . . . . . . . . . Fastest Speed 120 | 120 120 155 155 155 145 145 170 125 135 120 135 135 135 135 135 130 130 145 Average Speed 146 | 120 141 155 155 155 154 167 177 132 135 134 135 135 146 151 135 143 147 149 Slowest Speed 240 | 120 155 155 155 155 170 240 185 140 135 135 135 135 160 240 135 170 150 155 Overloaded Moves . | . . . . . . . . . . . . . . . . . . . Propulsion Burnouts . | . . . . . . . . . . . . . . . . . . . Robots Hopped 1 | . . . . . . . . . . . . . 1 . . . . . Cave-ins Triggered . | . . . . . . . . . . . . . . . . . . . Exploration Rate (%) 37 | 4 86 9 92 35 28 72 6 11 8 89 57 84 17 18 8 73 15 9 Regions Visited 18 Branch Regions 8 Pre-discovered Areas 2 | . . . 1 . . 1 . . . . . . . . . . . . Known Exits Taken 3 | . . . . . 1 . . . . . . . 1 . 1 . . . Unknown Exits Taken 14 | 1 1 1 1 1 . 1 1 1 1 1 1 1 . 1 . . 1 . Scrap Searched 2 | . . . . 2 . . . . . . . . . . . . . . Spaces Dug 39 | . . . . . 2 2 3 3 8 2 . . . 10 4 . 4 1 Terrain Destroyed 277 | . . . . . 2 18 3 3 8 206 . 4 . 18 4 1 6 4 Melee 39 | . . . . . 2 2 3 3 8 2 . . . 10 4 . 4 1 Projectile 24 | . . . . . . . . . . 8 . 4 . 8 . 1 2 1 AOE 212 | . . . . . . 16 . . . 196 . . . . . . . . Terrain Rammed . | . . . . . . . . . . . . . . . . . . . Walls Destroyed . | . . . . . . . . . . . . . . . . . . . Machines Disabled . | . . . . . . . . . . . . . . . . . . . Actions | -11 -10 -10 -10 -9 -8 -8 -7 -6 -5 -5 -5 -5 -5 -4 -3 -3 -2 -1 --------- Run | Scr Mat Min Exi Min Mat Sto Fac Fac Fac Ext Cet Arc Hub Fac Res DSF Res Acc Total 8466 | 27 669 36 505 153 510 635 245 580 290 1386 202 147 246 906 263 219 1002 445 Wait 1095 | 1 84 9 . 5 41 140 21 38 34 157 37 21 39 160 . 54 202 52 Move 6303 | 20 495 22 503 144 411 395 197 463 237 961 124 106 183 673 246 114 712 297 Hop 1 | . . . . . . . . . . . . . 1 . . . . . Pick Up 108 | 2 17 . 1 2 15 2 5 7 2 18 6 2 2 5 4 5 9 4 Fast Attach 40 | 1 1 . . . . 3 1 3 . 6 4 . . 5 1 5 7 3 Attach 51 | . . . . . 5 1 3 2 2 10 1 1 3 3 1 2 5 12 Detach 12 | . . . . . . . . . . 4 3 1 1 . . . 2 1 Swap 121 | . 9 . . . 9 18 4 14 3 11 4 2 5 17 1 5 12 7 Drop 134 | . 12 . 1 2 13 12 4 13 2 18 14 2 2 10 5 8 15 1 Fire 387 | 3 51 5 . . 10 58 6 37 . 61 3 8 10 20 . 21 30 64 Melee 66 | . . . . . 5 6 4 3 10 2 6 4 . 13 5 . 5 3 Ram 1 | . . . . . 1 . . . . . . . . . . . . . Kick . | . . . . . . . . . . . . . . . . . . . Crush 4 | . . . . . . . . . . . . . . . . . 3 1 Escape Stasis 13 | . . . . . . . . . . 8 . . . . . 5 . . Rewire 130 | . . . . . . . . . . 130 . . . . . . . . Trap . | . . . . . . . . . . . . . . . . . . . Miscellaneous . | . . . . . . . . . . . . . . . . . . . Route ------- -11/Scrapyard -10/Materials (discovered 4 exits: [*Mat x3] / [*Min]) -10/Mines -10/Exiles -9/Mines -8/Materials -8/Storage (discovered 2 exits: *Fac / [*Rec]) -7/Factory (discovered 3 exits: *Fac / Low x2) -6/Factory -5/Factory -5/Extension (discovered 2 exits: *Fac / *Cet) -5/Cetus -5/Archives (discovered 3 exits: *Fac / *Hub x2) -5/Hub_04(d) -4/Factory -3/Research -3/DSF -2/Research (discovered 3 exits: *Acc / Tes x2) -1/Access History --------- Turn | Location | Event 1 | -11/Scrapyard | Discovered new exit (range 3) 39 | -11/Scrapyard | Entered Materials 301 | -10/Materials | Build established: Mutant 360 | -10/Materials | Discovered new exit (range 6) 502 | -10/Materials | Discovered new exit (range 15) 873 | -10/Materials | Discovered new exit (range 16) 952 | -10/Materials | Discovered new exit (range 3) 1009 | -10/Materials | Entered Mines 1060 | -10/Mines | Deemed a non-threat by the Exiles lab entrance 1061 | -10/Mines | Discovered new exit (range 5) 1068 | -10/Mines | Entered Exiles 1109 | -10/Exiles | Met 8R-AWN 1137 | -10/Exiles | Met EX-HEX 1217 | -10/Exiles | Met EX-DEC 1242 | -10/Exiles | Learned location of Zion (-7) 1295 | -10/Exiles | Met EX-BIN 1313 | -10/Exiles | Aligned with FarCom system 1315 | -10/Exiles | Given EX-Vault access code 1380 | -10/Exiles | Opened EX-Vault 1391 | -10/Exiles | Found Cloak of Protection 1425 | -10/Exiles | Warned to stay clear of 0b10 Research branches 1538 | -10/Exiles | Visited The Gauntlet 1831 | -10/Exiles | Discovered new exit (range 14) 1850 | -10/Exiles | Left Exiles lab with Cloak of Protection 1850 | -10/Exiles | Entered Mines 1942 | -9/Mines | Found a hidden stash of uninstalled traps 1981 | -9/Mines | Discovered new exit (range 11) 2082 | -9/Mines | Entered Materials 2082 | -8/Materials | Evolved 4 slots: Propulsion x2, Utility x2 2083 | -8/Materials | Identified exit to Storage 2838 | -8/Materials | Entered Storage 3031 | -8/Storage | Learned location of Armory (-4) 3449 | -8/Storage | Used back door to open Recycling access 3449 | -8/Storage | Discovered new exit (range 5) 3499 | -8/Storage | Build established: Scavenger-Mutant 3829 | -8/Storage | Discovered new exit (range 14) 3854 | -8/Storage | Entered Factory 3854 | -7/Factory | Evolved 2 slots: Utility x2 3909 | -7/Factory | Discovered new exit (range 5) 3918 | -7/Factory | Identified exit to Lower Caves 4270 | -7/Factory | Entered another Factory area 4270 | -6/Factory | Evolved 2 slots: Propulsion x1, Utility x1 4891 | -6/Factory | Build established: Assassin 5055 | -6/Factory | Discovered new exit (range 11) 5074 | -6/Factory | Entered another Factory area 5074 | -5/Factory | Evolved 2 slots: Utility x1, Weapon x1 5213 | -5/Factory | Discovered new exit (range 8) 5448 | -5/Factory | Fabricated Hacking Suite (x1) 5465 | -5/Factory | Entered Extension 5536 | -5/Extension | Build established: Infiltrator-Assassin 5921 | -5/Extension | Lost 3 parts (1n2u) 5973 | -5/Extension | Rescued A7 6164 | -5/Extension | Rescued a captive Derelict 6165 | -5/Extension | Rescued a captive Derelict 6309 | -5/Extension | Build established: Scavenger-Skirmisher 6569 | -5/Extension | Destroyed B-75 Beast 6628 | -5/Extension | Spotted B-75 Beast 6631 | -5/Extension | Destroyed B-75 Beast 6640 | -5/Extension | Disrupted transfer network 6712 | -5/Extension | P-70 Sage assimilated allied 79-JFU(g) 6840 | -5/Extension | Rescued a captive Derelict 6841 | -5/Extension | Rescued a captive Derelict 7159 | -5/Extension | Rescued a captive Derelict 7202 | -5/Extension | Discovered new exit (range 10) 7203 | -5/Extension | Discovered new exit (range 6) 7265 | -5/Extension | Entered Cetus 7265 | -5/Cetus | Accompanied by 15 allies (A7) 7270 | -5/Cetus | Acquired a Cetus Manufacturing Module code from A7 7284 | -5/Cetus | Spotted Cetus Guard 7284 | -5/Cetus | Spotted Cetus Guard 7286 | -5/Cetus | Spotted Cetus Guard 7287 | -5/Cetus | Spotted Cetus Guard 7290 | -5/Cetus | Allies destroyed Cetus Guard 7293 | -5/Cetus | Allies destroyed Cetus Guard 7296 | -5/Cetus | Allies destroyed Cetus Guard 7297 | -5/Cetus | Destroyed Cetus Guard 7404 | -5/Cetus | Started Cetus Manufacturing Module 7413 | -5/Cetus | Escorted A7 to Cetus Mainframe 7428 | -5/Cetus | Discovered new exit (range 16) 7429 | -5/Cetus | Manufactured an Enhanced Grunt 7454 | -5/Cetus | Manufactured an Enhanced Grunt 7466 | -5/Cetus | Destroyed A7 7470 | -5/Cetus | Extracted ID and sensor layout for unrecognized location from A7's data core 7475 | -5/Cetus | Found Prototype Protection 7475 | -5/Cetus | Identified Med. Regenerative Plating 7479 | -5/Cetus | Manufactured an Enhanced Grunt 7504 | -5/Cetus | Manufactured an Enhanced Grunt 7520 | -5/Cetus | Entered Archives 7520 | -5/Archives | Accompanied by 15 allies 7581 | -5/Archives | Discovered new exit (range 15) 7622 | -5/Archives | Discovered new exit (range 15) 7686 | -5/Archives | Discovered new exit (range 16) 7722 | -5/Archives | Entered Hub_04(d) 7722 | -5/Hub_04(d) | Accompanied by 7 allies 7765 | -5/Hub_04(d) | Discovered new exit (range 13) 7844 | -5/Hub_04(d) | Identified exit to Factory 8065 | -5/Hub_04(d) | Entered Factory 8065 | -4/Factory | Accompanied by 4 allies 8065 | -4/Factory | Evolved 2 slots: Utility x2 8519 | -4/Factory | Build established: Scavenger-Assassin 9274 | -4/Factory | Discovered new exit (range 13) 9378 | -4/Factory | Entered Research 9378 | -3/Research | Accompanied by 1 ally 9378 | -3/Research | Evolved 2 slots: Propulsion x1, Utility x1 9725 | -3/Research | Identified exit to DSF 9733 | -3/Research | Entered DSF 9733 | -3/DSF | Accompanied by 1 ally 9791 | -3/DSF | Additional patrols routed to DSF 9969 | -3/DSF | Discovered new exit (range 16) 10024 | -3/DSF | Entered Research 10024 | -2/Research | Evolved 2 slots: Utility x1, Weapon x1 10370 | -2/Research | Build established: Hacker-Assassin 10494 | -2/Research | Fabricated Biometal Heavy Treads? 10942 | -2/Research | Repaired Broken Biometal Heavy Treads? 11184 | -2/Research | Discovered new exit (range 12) 11309 | -2/Research | Identified exit to Testing 11427 | -2/Research | Entered Access 11427 | -1/Access | Accompanied by 1 ally 11427 | -1/Access | Evolved 2 slots: Utility x2 11981 | -1/Access | Lost 3 parts (2u1w) 12041 | -1/Access | Lost 5 parts (1n2u2w) 12057 | -1/Access | Destroyed 11 combat bots 12108 | -1/Access | System corruption reached 10% 12146 | -1/Access | Lost 7 parts (1p1n2u3w) 12147 | -1/Access | Self-destructed Last Messages --------------- 12135_ U-05 Engineer suffers critical hit (Destroy). 12135_ U-05 Engineer destroyed. 12136_ Acquired 18 matter. 12136_ K-01 Serf collects debris. 12137_ Penetrated by Slug. 12137_ U-05 Engineer builds a Wall. 12137_ R-10 Processor collects Lgt. Particle Reactor. 12137_ Slug penetrates S-43 Plague. 12139_ K-01 Serf collects debris. 12140_ Slug penetrates Wall. 12140_ Slug penetrates S-43 Plague. 12140_ Slug penetrates Wall. 12144_ Slug penetrates S-43 Plague. 12144_ S-43 Plague suffers critical hit (Destroy). 12144_ Destroyed Hvy. Machine Gun. 12145_ System corrupted: Matter fused (-7). 12146_ Wall collapses. 12146_ U-05 Engineer builds a Wall. 12146_ Slug penetrates Wall. 12146_ K-01 Serf collects debris. Map ----- +----------------------------------------------------+ | # ?######### ########### # | | # ?##?##### ########### # | | ###############?## ########### # | | #####?###################### # | | #### ! ############ #######"#+# | | ? #### ############ # # | | ? #### ############ # # | | ? ?### ############ # # | | ?? ?? #### ############ # # | | ? ? ? #?## """"" # ####### # # | | ??? ? ###? """"" + # # | | ?? ?###? """"" # + # | | ?+##?#+######? """"" ? # ####### # # | | ????? #?#### """"" ## ######## ###/####### | | ???????#?###? ? ? ## # # ### ! | | ?????? ###?## ## # #w ### ? | | ??? ? ####?#?######+###### # ? ?? # ### ?? " | | ???? ??+ """S""" # # # ### """ | | ????? #?# """ """ # # "" # T"# """? | | ????? ###?? # # "" # "# ? " | | ????? #?? # =# "" + ### ? | | ???? ### !# !# S #^^### ? | | ??????### = % =#[=# "" #^^### | | ???? ?+? ? =#hh# "" # ######+#?## | | ??? ? #??###?##+###+#####k*# "" # ? | | ? ?? ? ####?#### %%%%%R@!u*# # | | ???? k%%s%%^%!%%+ #######/+##+## | | ?? ? #?#?#####+##p################ ?? ? ? | | ???? ??# ? # # ######## | | ??? ? # ?? # p? ? ########## ?""??"" | | ????? # ? # ?? ? ? ? #####?####? """"""" ? | | ???? ? ? ? ? ? ######?### ? ? | | ????? ?+???? ? ? ?? ? ####?##### ?? | | ???? ? # ? #? ? ""? ??###?##?#?#########??? | | ???? ?? #? ?? ? ?? ""? ??#####? ? ?? ?###?? | | ????????# ? # ?? Y" ##?#?#?#? ? ? ###??? | | ?????? + ?? ? "? ####???# ? ? ? ###??? | | ?????? ?# ??? ?? ??" ??#?##?## ?? ??? #?#??? | | ?????????? ?? ? ? ##?#?#####?+##?#??????? | | ?????????#????#?? ? ? ?+ ? ???#?##?##??? | | ??????????###?#+??##?####?#??###?#?#?#?##???#????? | | ????????????? ?? # ?? ? ?#?#?## ?#????????? | | ?????????#??? "" ???? ? ? ??#??## ??????????? | | ???????????? ?"T ?? +?? ? ? ? ??#?#?? ?? ???????? | | ????????????#? ???##?#? ? ? ??##???? ?? ???????? | | ????????????? ? ???? ??#?#####??#?#?#??#?????????? | | "???????????????#??#?####?????#?#??#?????????????? | | "??????????????????? ???? ? ?? ??????????????? | | "??????????????????????? ? ? ?? ?????????????????? | | "?????????""G""??????????????????????????????????? | +----------------------------------------------------+ Best States ------------- Heat Dissipation 98 Coolant Potential 200 Energy Generation 25 Energy Capacity 350 Matter Stores 300 Matter Capacity 300 Sight Range 16 Terrain Scan Range 24 Terrain Scan Density 210 Jamming Range 16 Cloak Strength 5 Armor Coverage 2100 Resistance: TH 30 Resistance: EM 25 Weapon Shielding 66 Weapon Cycling 20 Evasion (%) 55 Target Analysis 8 Recoil Reduction 6 Offensive Hacking 28 Defensive Hacking 12 Authchip Count 1 Item Schematics ----------------- Huge Storage Unit | -10/Materials | Hacked Hacking Suite | -7/Factory | Hacked Biometal Heavy Treads | -2/Research | Scanalyzed Centrium Medium Armor Plating | -2/Research | Scanalyzed Robot Schematics ------------------ None Fabricated ------------ Hacking Suite | x1 | -5/Factory Biometal Heavy Treads | x2 | -2/Research Alien Tech Used ----------------- None Achievements -------------- None Challenges ------------ None Game ------ Seed InsulatedNuclearCore Manual? 0 Play Time 04:28:05 Cumulative 1225.1 hours Start 2021.12.24 @ 12:22:55 End 2022.01.08 @ 12:41:47 Sessions 31 Manual Loads 0 Difficulty Rogue Special Mode Winter2021/Sauler Game No. 340 Rogue 340 Adventurer 0 Explorer 0 Win Type - Total 41 Types 25/6/7/3/0/0/0/0/0 Lore% 80 Gallery% 84 Achievement% 73 Wizard Run 0 Options --------- ASCII 0 Keyboard 1 Movement Numpad Keybinds 0 Fullscreen 1 Font 24/Crisp Map View 76x50 Tactical HUD 1 Map Filters NONE Filters NONE Steam 1 RUN: 9a8224e0-2e6f-46af-af09-f2f0d0f18b5e